AoeStats
← Malelf

Arabia

509458585Analyzed
1v1 RM · 4d ago on Sep 26, 2026· 21m 6s· 2 players
Game mode
Random Map
Map size
Tiny (2 player)
Population
200
Speed
Normal
Resources
Standard
Victory
Conquest
Starting age
Dark Age
Ending age
Imperial Age
RankedLock teamsTeams togetherTeam positionsShared explorationLock speedFull tech treeHidden civsTurbo modeCheats
Victory
Defeat
🇺🇸 Franks · United States
1845
+10
🇮🇹 Varangians · Italy
1714
-10
Malelf
4:05 Loom
12:05 Feudal Age
13:42 Double-Bit Axe
17:01 Horse Collar
23:31 Castle Age
DS_SayGG
2:13 Loom
10:55 Feudal Age
11:31 Double-Bit Axe
21:00 Castle Age
20:21 Gold Mining
Connection lost

Rejoining the realm…

Still unreachable

The connection could not be restored.

Session expired

The server has moved on; the page needs a fresh start.